 Dungeon Crawl Stone Soup version 0.29-a0-813-g4a14ea37d6 (webtiles) character file.

Game seed: 11542194471510743448

32 gobodom the Firebug (level 3, 0/24 HPs)
             Began as a Demonspawn Fire Elementalist on July 4, 2022.
             Slain by a goblin
             ... wielding a +0 dagger
             ... led by Robin
              (1 damage)
             ... on level 2 of the Dungeon.
             The game lasted 00:03:48 (1121 turns).

gobodom the Firebug (Demonspawn Fire Elementalist)  Turns: 1121, Time: 00:03:49

Health: 0/24       AC:  4    Str: 10    XL:     3   Next: 10%
Magic:  6/6        EV: 12    Int: 16    God:
Gold:   33         SH:  0    Dex: 13    Spells: 6/7 levels left

rFire   . . .      SeeInvis .   n - +2 dagger (speed)
rCold   . . .      Faith    .   (no shield)
rNeg    . . .      Spirit   .   a - +0 robe
rPois   .          Reflect  .   m - +0 helmet
rElec   .          Harm     .   (no cloak)
rCorr   .          Rampage  .   k - +0 pair of gloves
Will    .....                   (no boots)
Stlth   ++........              (no amulet)
HPRegen 0.08/turn               (no ring)
MPRegen 0.10/turn               (no ring)

@: no status effects
A: demonic magic 1
a: no special abilities


You were on level 2 of the Dungeon.
You visited 1 branch of the dungeon, and saw 2 of its levels.

You collected 33 gold pieces.

Inventory:

Hand Weapons
 n - a +2 dagger of speed (weapon)
Missiles
 g - 2 atropa-tipped darts
Armour
 a - a +0 robe (worn)
 k - a +0 pair of gloves (worn)
 m - a +0 helmet (worn)
Scrolls
 c - 2 scrolls of teleportation {unknown}
 d - a scroll of vulnerability
 h - a scroll of magic mapping
 l - a scroll of enchant weapon
Potions
 b - a potion of magic
 e - a potion of lignification
 f - a potion of berserk rage
 j - 2 potions of curing


   Skills:
 + Level 2.0 Dodging
 + Level 2.0 Stealth
 + Level 2.5 Spellcasting
 + Level 1.0 Conjurations
 + Level 3.1 Fire Magic


You had 6 spell levels left.
You knew the following spells:

 Your Spells              Type           Power      Damage    Failure   Level
a - Foxfire               Conj/Fire      32%        2x1d5     9%          1

Your spell library contained the following spells:

 Spells                   Type           Power      Damage    Failure   Level
 Scorch                   Fire           24%        2d6       9%          2
 Conjure Flame            Conj/Fire      8%         6-21      24%         3
 Inner Flame              Hex/Fire       7%         N/A       30%         3
 Frozen Ramparts          Ice            4%         1d2       52%         3
 Gell's Gravitas          Tloc           2%         N/A       52%         3
 Lesser Beckoning         Tloc           2%         N/A       52%         3
 Teleport Other           Tloc           2%         N/A       52%         3
 Flame Wave               Conj/Fire      8%         2d5       63%         4
 Airstrike                Air            1%         0-2+      89%         4
 Storm Form               Tmut/Air       1%         N/A       100%        7


Dungeon Overview and Level Annotations

Branches:
Dungeon (2/15)

Altars:

Annotations:
D:2 Robin


Innate Abilities, Weirdness & Mutations

Spells you cast may paralyse adjacent enemies.


Message History

There is a stone staircase leading up here.
The goblin no longer looks unusually strong.
The goblin hits you with a +0 dagger. The goblin hits you with a +0 club.
You climb upwards.
There is a stone staircase leading down here.
You hit the goblin.
You kill the goblin!
The goblin closely misses you.
You hit the goblin.
You kill the goblin!
Magic restored.
HP restored.
Done exploring.
You climb downwards.
Level annotation: Robin Robin throws the goblin at you!
The goblin hits you with a +0 club.
The goblin shouts!
There is a stone staircase leading up here.
You barely miss the goblin. The goblin hits you but does no damage.
The goblin barely misses you.
You hit the goblin.
You kill the goblin!
The goblin hits you with a +0 club. The goblin completely misses you.
Robin roars a battlecry!
The goblins go into a battle-frenzy!
The goblin shouts!
You barely miss the goblin. You hit the goblin.
You kill the goblin!
The goblin hits you with a +0 dagger.
You closely miss the goblin. The goblin hits you with a +0 dagger.
Robin zaps a wand.
The puff of flame hits you!
Ouch! That really hurt!
* * * LOW HITPOINT WARNING * * *
You barely miss the goblin. You hit the goblin.
You kill the goblin!
A goblin comes into view. It is wielding a +0 dagger.
The goblin hits you with a +0 dagger.
You die...

#.# #.# .#### #.#.#
........#.#
......#.#.#
##.....#.#.##
...#..#.g..#
##....)@)..####
...............
##.#....##.######.
#.#...g..........
#.....g...........##
#..[.g####....# .....
#..$.g..g..##.##.....
#....#.###g##......#
#........#.....g...#


You could see Robin and 4 goblins.

Vanquished Creatures
  An adder (D:2)
  2 bats (D:1)
  3 endoplasms (D:1)
  2 hobgoblins (D:1)
  2 kobolds (D:1)
  3 ball pythons
  A frilled lizard (D:1)
  9 goblins
  A rat (D:1)
24 creatures vanquished.

Vanquished Creatures (others)
  38 foxfires
38 creatures vanquished.

Grand Total: 62 creatures vanquished

Notes
Turn   | Place    | Note
-------+----------+-------------------------------------------
     0 | D:1      | gobodom the Demonspawn Fire Elementalist began the quest
                  | for the Orb.
     0 | D:1      | Reached XP level 1. HP: 13/13 MP: 3/3
   352 | D:1      | Gained mutation: Spells you cast may paralyse adjacent
                  | enemies. [demonic ancestry]
   352 | D:1      | Reached XP level 2. HP: 19/19 MP: 1/5
   352 | D:1      | Got the Incunable of Glacial Vapour
   686 | D:1      | Reached skill level 3 in Fire Magic
   896 | D:2      | Noticed Robin
   902 | D:2      | Reached XP level 3. HP: 15/24 MP: 3/6
  1119 | D:2      | HP: 1/24 [Robin/puff of flame (12)]
  1121 | D:2      | Slain by a goblin

Illustrated notes

Levels and vault maps discovered:
D:1:      heliophobic_arrival_battle_scene, layout_basic
D:2:      layout_basic, dreamdust_ecumenical_altar_hidden_monk_grotto,
          uniq_sigmund, uniq_robin, uniq_jessica

Skill      XL: |  1  2 |
---------------+-------+-----
Fire Magic     | 3 |  3.1
Dodging        | 2 |  2.0
Stealth        | 2 |  2.0
Spellcasting   | |  2.5
Conjurations   | |  1.0

Action                   || total
-------------------------++-------
Melee: Unarmed           ||     3
       Dagger            ||    11
 Cast: Foxfire           ||    26
  Use: Scroll            ||     6
Armor: Robe              ||     4
Dodge: Dodged            ||    13

Table legend: (Time is in decaauts)
 A = Elapsed time spent in this place.
 B = Non-inter-level travel time spent in this place.
 C = Inter-level travel time spent in this place.
 D = Time resting spent in this place.
 E = Time spent auto-exploring this place.
 F = Levels seen in this place.
 G = Mean time per level.
                   A        B        C        D        E       F      G
               +--------+--------+--------+--------+--------+-----+--------+
         Total |   1117 |   1081 |     36 |      0 |    900 |   2 |  558.5 |
       Dungeon |   1117 |   1081 |     36 |      0 |    900 |   2 |  558.5 |
               +--------+--------+--------+--------+--------+-----+--------+

Top non-repeatable levels by time:
     D:1: 1070 daAuts
     D:2: 46 daAuts
